 Dungeon Crawl Stone Soup version 0.32-a0-986-ga09f62fbf4 (webtiles) character file.

Game seed: 11329359610201282777

1963 protoss039 the Digger (level 9, 64/64 (68) HPs)
             Began as a Demonspawn Earth Elementalist on Apr 21, 2024.
             Was a Follower of Vehumet.
             Got out of the dungeon alive.
             The game lasted 00:10:52 (7174 turns).

protoss039 the Digger (DsEE)                        Turns: 7174, Time: 00:10:53

HP:   64/64 (68)    AC: 11    Str:  8    XL:     9   Next: 0%
MP:   16/16         EV: 11    Int: 20    God:    Vehumet [*.....]
Gold: 372           SH:  4    Dex: 14    Spells: 11/18 levels left

rFire   . . .        s - +3 dagger (venom)
rCold   . . .        r - +0 buckler
rNeg    . . .        a - +0 robe
rPois   .            l - +2 helmet
rElec   .            (no cloak)
rCorr   .            (no gloves)
SInv    .            (no boots)
Will    .....        (no amulet)
Stlth   +++          o - +4 ring of protection
HPRegen 0.30/turn    (no ring)
MPRegen 0.15/turn

%: no passive effects
@: wreathed by umbra, drained
A: claws 1, slimy green scales 1, demonic guardian 1, foul shadow 1
a: Renounce Religion


You escaped.
You worshipped Vehumet.
Vehumet was aware of your devotion.
You visited 2 branches of the dungeon, and saw 8 of its levels.

You collected 438 gold pieces.
You spent 66 gold pieces at shops.

Inventory:

Hand Weapons
 s - a +3 dagger of venom (weapon)
Armour
 a - a +0 robe (worn)
 l - a +2 helmet (worn)
 r - a +0 buckler (worn)
Jewellery
 o - a +4 ring of protection (left claw)
Wands
 e - a wand of flame (2)
Scrolls
 c - a scroll of noise
 d - a scroll of enchant weapon {unknown}
 h - a scroll of poison {unknown}
 i - a scroll of enchant armour {unknown}
 j - a scroll of fog {unknown}
 k - a scroll of teleportation {unknown}
 q - a scroll of silence {unknown}
 t - 2 scrolls of amnesia {unknown}
Potions
 b - a potion of magic
 g - a potion of mutation
 m - a potion of invisibility
 n - 5 potions of curing


   Skills:
 + Level 5.1 Fighting
 - Level 3.0 Armour
 - Level 3.0 Dodging
 - Level 3.0 Stealth
 + Level 3.5 Shields
 + Level 5.1 Spellcasting
 - Level 3.0 Conjurations
 + Level 5.5 Earth Magic


You had 11 spell levels left.
You knew the following spells:

 Your Spells              Type           Power      Damage    Failure   Level
a - Sandblast             Erth           54%        2d13      1%          1
b - Passwall              Erth           27%        N/A       5%          3
c - Stone Arrow           Conj/Erth      44%        3d9       9%          3

Your spell library contained the following spells:

 Spells                   Type           Power      Damage    Failure   Level
 Freeze                   Ice            20%        1d4       17%         1
 Kiss of Death            Conj/Necr      44%        2d8       10%         1
 Sting                    Conj/Alch      44%        1d5       10%         1
 Slow                     Hex            20%        N/A       17%         1
 Mercury Vapours          Alch/Air       10%        N/A       26%         2
 Brom's Barrelling Bould  Conj/Erth      22%        2d4       30%         4
 Confusing Touch          Hex            5%         N/A       45%         3
 Summon Ice Beast         Ice/Summ       5%         N/A       45%         3
 Vampiric Draining        Necr           5%         2d6       45%         3
 Petrify                  Alch/Erth      16%        N/A       50%         4
 Dispel Undead            Necr           5%         3d7       86%         4
 Olgreb's Toxic Radiance  Alch           5%         N/A       86%         4
 Summon Mana Viper        Hex/Summ       5%         N/A       99%         5
 Monstrous Menagerie      Summ           2%         N/A       100%        7


Dungeon Overview and Level Annotations

Branches:
Dungeon (7/15) Zot: 26399  Temple (1/1) D:4 Zot: 5977

Altars:
Ashenzari
Cheibriados
Dithmenos
Fedhas
Makhleb
Nemelex Xobeh
Okawaru
Qazlal
Ru
Sif Muna
Trog
Uskayaw
Vehumet
Wu Jian
Xom

Shops:
D:6 !

Annotations:
D:5 1 runed translucent door, funkygono's ghost, novice GrFE


Innate Abilities, Weirdness & Mutations

You have sharp fingernails.
You are partially covered in slimy green scales. (AC +2)
A weak demonic guardian rushes to your aid.
You are faintly shadowed, very rarely releasing foul flame when damaged in melee.


Message History

Your body darkens with foul flame.
Unknown command.
Things that are here:
a +1 scimitar; a +0 robe Unknown command.
Press: ? - help, v - describe, . - travel, g - get item
Items here: a +1 scimitar; a +0 robe.
The floor.
This square is wreathed by an umbra.
What level of the Dungeon? (default 6, ? - help)
There is a stone staircase leading up here.
You climb upwards.
There is a stone staircase leading down here.
There is an open door here.
Things that are here:
a +0 robe; a +4 short sword
There is an open door here.
There is a stone staircase leading up here.
You climb upwards.
Level annotation: 1 runed translucent door, funkygono's ghost, novice GrFE
There is a stone staircase leading down here.
There is a stone staircase leading up here.
HP restored.
You climb upwards.
There is a stone staircase leading down here.
There is a stone staircase leading up here.
You climb upwards.
There is a stone staircase leading down here.
There is a stone staircase leading up here.
Magic restored.
You climb upwards.
There is a stone staircase leading down here.
There is a stone staircase leading up here.
You climb upwards.
There is a stone staircase leading down here.
Key pressed, stopping travel.
There is an open door here.
There is an open gate here.
There is a staircase leading out of the dungeon here.
You have escaped!

#.##....####.#.....#[#.# #...##.
#.##.##.........####.#.# #...#..
#.##.#######.......#.#.# #...#..
#.##.#########.#...#.#.# #.....P
#.##...............#.#.# #......
#.################.#.#.# ######.
#...........#ß.#.#.#...# #.
.......###..#'#..#.#############.
.........#...'#.@#..............[
.......#.#.##'#..#.############..
.......#.#.##ß.#.#.# #.......
.......#.#.#######.# #.###.##
.......#.#)# #.##### #.###.##
###..#.#.#.# #.....###.......
..#..#.#.#.# #####...#.##....
.......#.#.# ####.#.##....
.......#.#.# #....#.##.÷..


There were no monsters in sight!

Vanquished Creatures
  A steam dragon (D:6)
  A water moccasin (D:5)
  An orc warrior (D:7)
  An ice beast (D:7)
  2 black bears (D:6)
  An ogre (D:4)
  A gnoll sergeant (D:6)
  A scorpion (D:5)
  4 wights
  3 howler monkeys
  4 crimson imps (D:5)
  2 bombardier beetles
  2 hounds (D:6)
  3 jellies
  An orc priest (D:3)
  A sleepcap (D:6)
  Ijyb (D:4)
  3 iguanas
  An orc wizard (D:7)
  Robin (D:2)
  3 gnolls (D:6)
  7 adders
  A shadow imp (D:6)
  3 white imps
  2 ufetubi (D:5)
  A ribbon worm (D:3)
  11 orcs
  8 endoplasms
  5 giant cockroaches
  11 goblins
  7 hobgoblins
  4 quokkas
  7 ball pythons
  6 bats
  13 frilled lizards
  6 kobolds
  3 rats
133 creatures vanquished.

Vanquished Creatures (collateral kills)
  A hound (D:5)
  A gnoll (D:6)
2 creatures vanquished.

Grand Total: 135 creatures vanquished

Notes
Turn   | Place    | Note
-------+----------+-------------------------------------------
     0 | D:1      | protoss039 the Demonspawn Earth Elementalist began the
                  | quest for the Orb.
     0 | D:1      | Reached XP level 1. HP: 13/13 MP: 3/3
   377 | D:1      | Gained mutation: You are partially covered in slimy green
                  | scales. (AC +2) [demonic ancestry]
   377 | D:1      | Reached XP level 2. HP: 20/20 MP: 3/5
   459 | D:1      | Reached skill level 1 in Fighting
  1316 | D:2      | Reached XP level 3. HP: 26/26 MP: 3/6
  1395 | D:2      | Noticed Robin
  1419 | D:2      | Killed Robin
  1519 | D:2      | Reached XP level 4. HP: 33/33 MP: 8/8
  1550 | D:2      | Learned a level 3 spell: Passwall
  1809 | D:2      | Learned a level 3 spell: Stone Arrow
  2276 | D:3      | Gained mutation: A weak demonic guardian rushes to your
                  | aid. [demonic ancestry]
  2276 | D:3      | Reached XP level 5. HP: 39/39 MP: 9/9
  2528 | D:4      | Found a staircase to the Ecumenical Temple.
  2542 | Temple   | Entered the Ecumenical Temple
  2553 | Temple   | Became a worshipper of Vehumet
  2862 | D:4      | Noticed Ijyb
  2870 | D:4      | Killed Ijyb
  3067 | D:4      | Noticed an ogre
  3071 | D:4      | Killed an ogre
  3072 | D:4      | Reached XP level 6. HP: 47/47 MP: 4/11
  3491 | D:5      | Entered Level 5 of the Dungeon
  3542 | D:5      | Found a snail-covered altar of Cheibriados.
  3555 | D:5      | Reached skill level 1 in Armour
  3668 | D:5      | Found a shimmering altar of Xom.
  3673 | D:5      | Reached skill level 1 in Shields
  3681 | D:5      | Reached XP level 7. HP: 51/52 MP: 2/12
  3790 | D:5      | Found a runed translucent door.
  3802 | D:5      | Noticed funkygono's ghost (novice GrFE)
  4751 | D:6      | Found Utzimp's Distillery.
  4802 | D:6      | Bought a potion of curing for 33 gold pieces
  4802 | D:6      | Bought a potion of curing for 33 gold pieces
  5036 | D:6      | Noticed a steam dragon
  5040 | D:6      | Killed a steam dragon
  5328 | D:6      | Gained mutation: You have sharp fingernails. [demonic
                  | ancestry]
  5328 | D:6      | Reached XP level 8. HP: 18/60 MP: 2/14
  6428 | D:6      | Reached * piety under Vehumet
  6428 | D:6      | Offered knowledge of Freeze by Vehumet.
  6429 | D:6      | Reached skill level 5 in Earth Magic
  6856 | D:7      | Reached skill level 5 in Fighting
  6856 | D:7      | Reached skill level 5 in Spellcasting
  7068 | D:7      | Gained mutation: You are faintly shadowed, very rarely
                  | releasing foul flame when damaged in melee. [demonic
                  | ancestry]
  7068 | D:7      | Reached XP level 9. HP: 57/64 MP: 9/16
  7174 | D:$      | Got out of the dungeon alive.

Illustrated notes

Levels and vault maps discovered:
D:1:      saegor_arrival_simple_c, layout_basic, chequers_serial_rivers_small_3,
          minmay_lizard_king
D:2:      layout_basic, basic_altar, uniq_robin
D:3:      layout_rooms, minmay_misc_feat_roman, minivault_24
D:4:      layout_loops_corners, minmay_temple_entry_arrows, grunt_ministairs_10,
          uniq_ijyb
D:5:      layout_loops_ring, mainiacjoe_overflow_small_starburst, led_xom_imps,
          gammafunk_ghost_grave
D:6:      layout_basic, grunt_ministairs_6, nicolae_stop_n_shop_1,
          corner_web_ring, minmay_tree_intersection
D:7:      layout_gridville, minmay_joined_circles
Temple:   nicolae_temple_superstar

Skill      XL: |  1  2  3  4  5  6  7  8 |
---------------+-------------------------+-----
Fighting       | 1 2 3 4 5 |  5.1
Earth Magic    | 3 4 5 |  5.5
Spellcasting   | 3 4 5 |  5.1
Dodging        | 2 3 |  3.0
Stealth        | 2 3 |  3.0
Armour         | 1 2 3 |  3.0
Shields        | 1 2 3 |  3.5
Conjurations   | 2 3 |  3.0

Action                     |  1- 3 |  4- 6 |  7- 9 || total
---------------------------+-------+-------+-------++-------
  Melee: Dagger            |    17 |    33 |    46 ||    96
         Rapier            |    23 |    22 |       ||    45
   Cast: Sandblast         |    36 |    44 |    45 ||   125
         Stone Arrow       |       |     2 |    51 ||    53
  Evoke: Wand              |       |     1 |    12 ||    13
    Use: Scroll            |       |     2 |     1 ||     3
         Potion            |       |     1 |     4 ||     5
   Stab: Sleeping          |     1 |     5 |       ||     6
 Armour: Robe              |    31 |    47 |   102 ||   180
  Dodge: Dodged            |    33 |    47 |    81 ||   161
  Block: Buckler           |       |     7 |    30 ||    37

Table legend: (Time is in decaauts)
 A = Elapsed time spent in this place.
 B = Non-inter-level travel time spent in this place.
 C = Inter-level travel time spent in this place.
 D = Time resting spent in this place.
 E = Time spent auto-exploring this place.
 F = Levels seen in this place.
 G = Mean time per level.
                   A        B        C        D        E       F      G
               +--------+--------+--------+--------+--------+-----+--------+
         Total |   7255 |   6926 |    329 |    816 |   5180 |   8 |  906.9 |
       Dungeon |   7232 |   6913 |    319 |    816 |   5180 |   7 | 1033.1 |
        Temple |     22 |     12 |     10 |      0 |      0 |   1 |   22.0 |
               +--------+--------+--------+--------+--------+-----+--------+

Top non-repeatable levels by time:
     D:6: 1904 daAuts
     D:5: 1407 daAuts
     D:4: 1157 daAuts
     D:1: 1094 daAuts
     D:2: 807 daAuts
     D:3: 537 daAuts
     D:7: 324 daAuts
  Temple: 22 daAuts
